 Dungeon Crawl Stone Soup version 0.27-a0-836-gfc908b8576 (webtiles) character file.

Game seed: 5056214766195167740

1631 funkygono the Thaumaturge (level 8, -2/54 HPs)
             Began as a Djinni Fire Elementalist on Mar 31, 2021.
             Slain by a centaur skeleton (5 damage)
             ... on level 6 of the Dungeon.
             The game lasted 00:10:19 (5733 turns).

funkygono the Thaumaturge (DjFE)                    Turns: 5733, Time: 00:10:19

Health: -2/54      AC:  7    Str:  7    XL:     8   Next: 98%
Gold:   352        EV: 13    Int: 19    God:
                   SH:  0    Dex: 14

rFire    + + .     SeeInvis .   f - +3 short sword (spect)
rCold    x . .     Faith    .   (no shield)
rNeg     . . .     Spirit   .   a - +0 robe
rPois    ∞         Reflect  .   n - +1 helmet
rElec    .         Harm     .   (no cloak)
rCorr    .         Rampage  .   j - +2 pair of gloves
Will     .....                  (boots unavailable)
Stlth    ++........             (no amulet)
HPRegen  0.18/turn              (no ring)
MPRegen  0.00/turn              (no ring)

@: flying
A: fire resistance 2, cold vulnerability 1, float, innate caster, hp casting,
extra vitality 1
a: no special abilities


You were on level 6 of the Dungeon.
You visited 1 branch of the dungeon, and saw 6 of its levels.

You collected 352 gold pieces.

Inventory:

Hand Weapons
 f - a +3 spectral short sword (weapon)
 q - a +6 club of freezing
Armour
 a - a +0 robe (worn)
 d - a +0 tower shield
 j - a +2 pair of gloves (worn)
 n - a +1 helmet (worn)
Magical Staves
 l - a staff of poison
Jewellery
 s - a ring of resist corrosion
Wands
 m - a wand of flame (30)
Scrolls
 k - 3 scrolls of teleportation
 p - a scroll of noise {unknown}
 t - a scroll of identify
 u - a scroll of enchant weapon
 v - a scroll of torment {unknown}
Potions
 b - a potion of invisibility
 c - a potion of magic {unknown}
 e - 3 potions of haste
 g - a potion of degeneration {unknown}
 h - 2 potions of attraction
 i - 3 potions of curing
 o - a potion of mutation {unknown}
 r - a potion of cancellation {unknown}


   Skills:
 + Level 1.9 Fighting
 + Level 1.3 Short Blades
 + Level 4.5 Dodging
 - Level 1.5 Stealth
 * Level 8.8 Spellcasting


You had 2 spell levels left.
You knew the following spells:

 Your Spells              Type           Power      Damage    Failure   Level
a - Foxfire               Conj/Fire      100%       2x1d9     1%          1
b - Conjure Flame         Conj/Fire      42%        6-21      1%          3
c - Inner Flame           Hex/Fire       42%        N/A       1%          3
d - Sticky Flame          Conj/Fire      42%        2d6       2%          4
e - Fireball              Conj/Fire      21%        3d10      6%          5
f - Beastly Appendage     Tmut           84%        N/A       1%          1
g - Corpse Rot            Necr/Air       N/A        N/A       1%          2
h - Stone Arrow           Conj/Erth      84%        3d12      1%          3
Your spell library was empty.

Dungeon Overview and Level Annotations

Branches:
Dungeon (6/15)             Temple (0/1) D:5

Altars:
Dithmenos
Kikubaaqudgha
Sif Muna
Xom
Yredelemnul


Innate Abilities, Weirdness & Mutations

You are immune to poison.
Your flesh is very heat resistant. (rF++)
You are vulnerable to cold. (rC-)
You float through the air rather than walking.
You learn spells naturally, not from books.
Your magical power is your life essence.
You have superior vitality. (+4 HP)


Message History

A centaur comes into view.
Casting: Foxfire (safe; 1% risk of failure)
Confirm with . or Enter, or press ? or * to list all spells.
You conjure some foxfire!
The centaur wields a +0 shortbow.
The centaur shoots an arrow.
The arrow hits you!
* * * LOW HITPOINT WARNING * * *
Casting: Foxfire (safe; 1% risk of failure)
Confirm with . or Enter, or press ? or * to list all spells.
You conjure some foxfire!
* * * LOW HITPOINT WARNING * * *
Unknown command.
The foxfire hits the centaur.
The centaur is moderately wounded.
The foxfire hits the centaur.
The centaur is moderately wounded.
The centaur shoots an arrow.
The arrow hits you!
* * * LOW HITPOINT WARNING * * *
The foxfire hits the centaur!
The centaur is severely wounded.
Casting: Foxfire (safe; 1% risk of failure)
Confirm with . or Enter, or press ? or * to list all spells.
You conjure some foxfire!
* * * LOW HITPOINT WARNING * * *
The foxfire hits the centaur.
You kill the centaur!
Unknown command.
Your foxfire dissipates!
The foxfire hits the centaur skeleton.
The centaur skeleton is lightly damaged.
The centaur skeleton hits you but does no damage.
The centaur skeleton closely misses you.
You hear a shout!
An ogre comes into view. It is wielding a +0 giant club.
The centaur skeleton hits you.
* * * LOW HITPOINT WARNING * * *
The centaur skeleton misses you.
The centaur skeleton closely misses you.
The centaur skeleton kicks you but does no damage.
The centaur skeleton hits you.
You die...

##...###.#.###......##.#..#§§#g##
##....#..###.#......#.#..###..#.#
....................##..## ##§.##
.....).).)..........#g)## ##..#
........^##.........O.## ..#
....................#..# ..#
.............##.....##..# .##
...........#####.Z..# #..# #.
#.........## #..@...# #..# #
....................# #... #
........##.#.....#..#############
.#......##.#.....#### ...# #.....
....................# ..# #.....
##................... #.###.....
#........###.##...#.###.##......
##.........#.......##.##...>....#
.#.................##............


You could see an ogre, a gnoll shaman and a centaur skeleton.

Vanquished Creatures
  Sigmund (D:4)
  2 water moccasins
  A necrophage (D:5)
  An ogre (D:6)
  2 centaurs
  A phantom (D:6)
  A kobold brigand (D:6)
  Blork the orc (D:6)
  A water moccasin zombie (D:5)
  2 scorpions
  A water moccasin skeleton (D:4)
  A centaur zombie (D:6)
  3 jellies
  3 hounds
  An orc priest (D:3)
  2 iguanas
  An orc wizard (D:3)
  A hound zombie (D:5)
  8 gnolls
  3 adders
  A white imp (D:6)
  4 worms
  A dart slug (D:3)
  5 orcs
  11 ball pythons
  4 endoplasms
  4 giant cockroaches
  4 goblins
  2 jackals (D:4)
  4 quokkas
  4 bats
  A frilled lizard (D:1)
  9 kobolds
  3 rats
94 creatures vanquished.

Vanquished Creatures (others)
  371 foxfires
371 creatures vanquished.

Grand Total: 465 creatures vanquished

Notes
Turn   | Place    | Note
-------+----------+-------------------------------------------
     0 | D:1      | funkygono the Djinni Fire Elementalist began the quest for
                  | the Orb.
     0 | D:1      | Reached XP level 1. HP: 15/15 MP: 0/0
   559 | D:1      | Reached skill level 3 in Spellcasting
   725 | D:1      | Reached XP level 2. HP: 19/21 MP: 0/0
  1058 | D:2      | Noticed a centaur
  1068 | D:1      | Killed a centaur
  1069 | D:1      | Reached skill level 4 in Spellcasting
  1069 | D:1      | Reached XP level 3. HP: 2/25 MP: 0/0
  1069 | D:1      | Learned a level 1 spell: Beastly Appendage
  1069 | D:1      | Reached XP level 4. HP: 2/31 MP: 0/0
  1450 | D:2      | Found a shimmering altar of Xom.
  1745 | D:2      | Found a shadowy altar of Dithmenos.
  1760 | D:2      | Reached XP level 5. HP: 32/35 MP: 0/0
  1760 | D:2      | Learned a level 2 spell: Corpse Rot
  2227 | D:3      | Reached skill level 5 in Spellcasting
  2922 | D:4      | Found a basalt altar of Yredelemnul.
  2928 | D:4      | Reached XP level 6. HP: 36/41 MP: 0/0
  3364 | D:4      | Reached skill level 6 in Spellcasting
  3516 | D:4      | Noticed Sigmund
  3522 | D:4      | Killed Sigmund
  3523 | D:4      | Reached skill level 1 in Fighting
  3523 | D:4      | Reached XP level 7. HP: 32/47 MP: 0/0
  3523 | D:4      | Learned a level 3 spell: Stone Arrow
  3859 | D:5      | Entered Level 5 of the Dungeon
  4047 | D:5      | Reached skill level 1 in Short Blades
  4089 | D:5      | Reached skill level 7 in Spellcasting
  4177 | D:5      | Found a staircase to the Ecumenical Temple.
  4189 | D:5      | Reached XP level 8. HP: 45/52 MP: 0/0
  4946 | D:6      | Reached skill level 8 in Spellcasting
  5116 | D:6      | Noticed Blork the orc
  5123 | D:6      | Killed Blork the orc
  5728 | D:6      | HP: 2/54 [centaur skeleton (3)]
  5733 | D:6      | Slain by a centaur skeleton

Illustrated notes

Levels and vault maps discovered:
D:1:      co_arrival_square_in_a_square_in_a_square, layout_basic
D:2:      layout_basic, old_standard_altar, led_sif_pool,
          nicolae_dithmenos_through_a_glass_darkly
D:3:      layout_loops_ring
D:4:      layout_cave_pools, nicolae_overflow_hidden_temple,
          nicolae_overflow_crystal_walls, uniq_sigmund
D:5:      layout_basic, minmay_temple_entry_gardened_gates
D:6:      minmay_diamond_boxcup, layout_cave_pools, uniq_blork_the_orc

Skill      XL: |  1  2  3  4  5  6  7  8 |
---------------+-------------------------+-----
Spellcasting   | 3 4 5 6 7 8 |  8.8
Dodging        | 3 4 |  4.5
Fighting       | 1 |  1.9
Short Blades   | 1 |  1.3
Stealth        | |  1.5

Action                   |  1- 3 |  4- 6 |  7- 9 || total
-------------------------+-------+-------+-------++-------
Melee: Unarmed           |     1 |       |       ||     1
       Short sword       |     1 |    19 |     6 ||    26
 Cast: Foxfire           |    26 |    93 |    96 ||   215
  Use: Scroll            |     2 |     6 |     5 ||    13
 Stab: Sleeping          |       |     2 |       ||     2
Armor: Robe              |     5 |    10 |     8 ||    23
Dodge: Dodged            |    23 |    22 |    23 ||    68

Table legend: (Time is in decaauts)
 A = Elapsed time spent in this place.
 B = Non-inter-level travel time spent in this place.
 C = Inter-level travel time spent in this place.
 D = Time resting spent in this place.
 E = Time spent auto-exploring this place.
 F = Levels seen in this place.
 G = Mean time per level.
                   A        B        C        D        E       F      G
               +--------+--------+--------+--------+--------+-----+--------+
         Total |   5734 |   5634 |    100 |    280 |   4709 |   6 |  955.7 |
       Dungeon |   5734 |   5634 |    100 |    280 |   4709 |   6 |  955.7 |
               +--------+--------+--------+--------+--------+-----+--------+

Top non-repeatable levels by time:
     D:1: 1435 daAuts
     D:6: 1050 daAuts
     D:3: 967 daAuts
     D:4: 937 daAuts
     D:5: 822 daAuts
     D:2: 521 daAuts
